AoeStats
← Tomate

Arabia

510189979Analyzed
1v1 RM · 16h ago on Sep 29, 2026· 43m 49s· 2 players
Game mode
Random Map
Map size
Tiny (2 player)
Population
200
Speed
Normal
Resources
Standard
Victory
Conquest
Starting age
Dark Age
Ending age
Imperial Age
RankedLock teamsTeams togetherTeam positionsShared explorationLock speedFull tech treeHidden civsTurbo modeCheats
Victory
Defeat
🇧🇷 Lithuanians · Brazil
725
+15
🇺🇸 Saxons · United States
701
-15
MattyFingahZ
8:54 Loom
12:43 Feudal Age
15:06 Horse Collar
15:13 Double-Bit Axe
17:28 Bloodlines
19:32 Castle Age
21:35 Husbandry
28:50 Fletching
29:11 Gold Mining
30:19 Padded Archer Armor
35:47 Elite Skirmisher
36:32 Thumb Ring
36:31 Bodkin Arrow
38:26 Leather Archer Armor
Tomate
7:46 Loom
10:35 Feudal Age
12:05 Double-Bit Axe
12:52 Horse Collar
18:06 Padded Archer Armor
22:33 Castle Age
21:42 Fletching
22:36 Crossbowman
23:11 Pikeman
26:42 Ballistics
27:10 Gold Mining
31:40 Bow Saw
33:37 Wheelbarrow
39:23 Imperial Age
38:03 Heavy Plow
39:05 Town Watch
39:56 Leather Archer Armor
39:41 Scale Mail Armor
41:24 Thumb Ring
42:26 Chemistry
41:53 Halberdier
43:13 Light Cavalry
Connection lost

Rejoining the realm…

Still unreachable

The connection could not be restored.

Session expired

The server has moved on; the page needs a fresh start.